 Dungeon Crawl Stone Soup version 0.25.1-2-g60ff931df9 (webtiles) character file.

Game seed: 8801068938095247751

2725 hawla the Chopper (level 9, -1/117 HPs)
             Began as a Hill Orc Monk on Oct 2, 2020.
             Was a Priest of Beogh.
             Slain by a two-headed ogre
             ... wielding a +0 giant spiked club
              (8 damage)
             ... on level 8 of the Dungeon on Oct 3, 2020.
             The game lasted 00:16:53 (8171 turns).

hawla the Chopper (Hill Orc Monk)                   Turns: 8171, Time: 00:16:53

Health: -1/117     AC: 24    Str: 17    XL:     9   Next: 67%
Magic:  0/9        EV:  2    Int: 10    God:    Beogh [***...]
Gold:   470        SH:  0    Dex: 13    Spells: 8/8 levels left

rFire    . . .     SeeInvis .   x - +0 broad axe
rCold    . . .     Gourm    .   (no shield)
rNeg     + + +     Faith    .   (armour currently unavailable)
rPois    +         Spirit   +   (helmet currently unavailable)
rElec    .         Reflect  .   (cloak currently unavailable)
rCorr    .         Harm     .   (gloves currently unavailable)
MR       .....     NoTele   +   (boots currently unavailable)
Stlth    ++........             q - amulet of guardian spirit
HPRegen  0.29/turn              b - ring of wizardry
MPRegen  0.11/turn              (no ring)

@: tree-form
A: no striking features
a: Smiting, Renounce Religion


You were on level 8 of the Dungeon.
You worshipped Beogh.
Beogh was most pleased with you.
You were not hungry.
You were a tree.
You visited 1 branch of the dungeon, and saw 8 of its levels.

You collected 470 gold pieces.

Inventory:

Hand Weapons
 p - a +4 vorpal mace
 x - a +0 broad axe (weapon)
 y - a +1 quarterstaff
Missiles
 k - 8 atropa-tipped darts
 l - 15 poisoned darts (quivered)
 s - 3 boomerangs
Armour
 h - a +0 chain mail (melded)
 m - a +0 pair of gloves (melded)
 F - a +2 helmet (melded)
Magical Staves
 z - an uncursed staff of fire
Jewellery
 b - a ring of wizardry (left branch)
 q - an amulet of guardian spirit (around neck)
Wands
 j - a wand of paralysis (14)
 C - a wand of iceblast (7)
 D - a wand of polymorph (3)
Scrolls
 f - 7 scrolls of remove curse
 g - 5 scrolls of teleportation
 n - a scroll of immolation
 t - 5 scrolls of identify
 u - 2 scrolls of random uselessness
 A - a scroll of enchant armour
Potions
 a - a potion of flight {unknown}
 d - a potion of lignification
 e - 4 potions of brilliance
 i - a potion of curing
 o - 3 potions of haste {unknown}
 r - a potion of stabbing {unknown}
 v - a potion of magic {unknown}
 w - a potion of might {unknown}
Comestibles
 c - 17 rations


   Skills:
 + Level 6.8 Fighting
 + Level 7.0(7.9) Axes
 + Level 4.5(6.8) Maces & Flails
 + Level 4.2(5.0) Staves
 + Level 1.4 Throwing
 + Level 6.7 Armour
 * Level 5.6 Dodging
 - Level 1.5 Stealth


You had 8 spell levels left.
You didn't know any spells.
Your spell library was empty.

Dungeon Overview and Level Annotations

Branches:
Dungeon (8/15)             Temple (0/1) D:4
   Lair: D:8-11

Altars:
Cheibriados
Fedhas
Kikubaaqudgha
Okawaru
Ru
Sif Muna
Uskayaw
Wu Jian
Xom

Annotations:
D:5 2 transporters, pgiattino's ghost, amateur HOMo


Message History

You feel less confused. The ogre hits you but does no damage.
Your orc hits the two-headed ogre. The adder bites you but does no damage.
The two-headed ogre hits you but does no damage.
The two-headed ogre hits you with a cursed -2 giant club.
* * * LOW HITPOINT WARNING * * *
Your orc hits the two-headed ogre. The adder bites you but does no damage.
The ogre hits you with a +0 giant spiked club!
* * * LOW HITPOINT WARNING * * *
The adder bites you but does no damage.
Your orc hits the two-headed ogre.
The two-headed ogre hits you with a +0 giant spiked club.
* * * LOW HITPOINT WARNING * * *
The two-headed ogre hits you with a cursed -2 giant club!
* * * LOW HITPOINT WARNING * * *
The ogre hits you but does no damage. The adder bites you but does no damage.
Your orc hits the two-headed ogre.
The two-headed ogre hits you with a +0 giant spiked club!
* * * LOW HITPOINT WARNING * * *
The two-headed ogre hits you with a cursed -2 giant club!
You die...

##. #.. ###..#
.#.....#### .......#<.##
.#.#.......# ......oOO..#
...>..S♣..# ....#....###
.##. . ##......# ...
#...##....... .. #...#
#..#... .######...#
#.##.. ..## #.........#
..##
.....#.##......#####..#
...............##........


You could see a two-headed ogre, an ogre, an adder and a friendly orc.

Vanquished Creatures
  Harold (D:7)
  Joseph (D:7)
  Prince Ribbit (D:7)
  2 ice beasts
  3 sky beasts (D:5)
  2 ogres
  A centaur (D:6)
  3 bullfrogs
  3 crimson imps
  3 hounds
  Terence (D:3)
  Natasha (D:2)
  An iguana (D:4)
  4 worker ants
  A hound zombie (D:6)
  A hound skeleton (D:6)
  3 gnolls (D:4)
  A worker ant zombie (D:3)
  5 adders
  2 river rats (D:4)
  2 oozes
  2 worms
  2 dart slugs (D:1)
  4 leopard geckos
  10 orcs
  3 giant cockroaches
  2 goblins
  3 hobgoblins
  4 jackals (D:2)
  A kobold (D:2)
  3 quokkas
  4 bats
  3 frilled lizards
  A leopard gecko skeleton (D:5)
  A leopard gecko zombie (D:7)
  7 rats
92 creatures vanquished.

Vanquished Creatures (collateral kills)
  An ogre (D:6)
1 creature vanquished.

Vanquished Creatures (others)
  An orc (D:7)
  An orc priest (D:3)
2 creatures vanquished.

Grand Total: 95 creatures vanquished

Notes
Turn   | Place    | Note
-------+----------+-------------------------------------------
     0 | D:1      | hawla the Hill Orc Monk began the quest for the Orb.
     0 | D:1      | Reached XP level 1. HP: 19/19 MP: 1/1
   459 | D:1      | Reached XP level 2. HP: 26/27 MP: 2/2
   915 | D:2      | Found an ancient bone altar of Kikubaaqudgha.
   951 | D:2      | Reached XP level 3. HP: 25/33 MP: 3/3
  1029 | D:2      | Found a snail-covered altar of Cheibriados.
  1031 | D:2      | Found a shimmering altar of Xom.
  1031 | D:2      | Found an ornate altar of the Wu Jian Council.
  1033 | D:2      | Found a blossoming altar of Fedhas.
  1033 | D:2      | Found a blossoming altar of Fedhas.
  1033 | D:2      | Found a snail-covered altar of Cheibriados.
  1166 | D:2      | Found an iron altar of Okawaru.
  1898 | D:2      | Noticed Natasha
  1915 | D:2      | Killed Natasha
  1915 | D:2      | Reached XP level 4. HP: 40/40 MP: 4/4
  2173 | D:3      | Reached skill level 5 in Axes
  2432 | D:3      | Reached skill level 1 in Armour
  2540 | D:3      | Found a shimmering blue altar of Sif Muna.
  2541 | D:3      | Noticed Terence
  2545 | D:3      | Became a worshipper of Beogh the Brigand
  2545 | D:3      | Reached * piety under Beogh
  2545 | D:3      | Reached ** piety under Beogh
  2560 | D:3      | Killed Terence
  2560 | D:3      | Reached XP level 5. HP: 40/47 MP: 5/5
  3251 | D:4      | Reached skill level 1 in Maces & Flails
  3413 | D:4      | Reached XP level 6. HP: 41/53 MP: 6/6
  3553 | D:4      | Found a staircase to the Ecumenical Temple.
  4073 | D:4      | Found a blossoming altar of Fedhas.
  4380 | D:5      | Entered Level 5 of the Dungeon
  4503 | D:5      | Found a transporter.
  4523 | D:5      | Noticed pgiattino's ghost (amateur HOMo)
  4529 | D:5      | Noticed an ice beast
  4539 | D:5      | Killed an ice beast
  4575 | D:5      | Found a transporter.
  4576 | D:5      | Noticed a sky beast
  4591 | D:5      | HP: 2/55 [something (6)]
  4603 | D:5      | Killed a sky beast
  4603 | D:5      | Reached skill level 6 in Axes
  4603 | D:5      | Reached XP level 7. HP: 44/60 MP: 7/7
  4725 | D:5      | Reached skill level 5 in Fighting
  4908 | D:5      | Found a hide-covered altar of Uskayaw.
  5492 | D:6      | Reached XP level 8. HP: 67/68 MP: 6/8
  5602 | D:6      | Reached *** piety under Beogh
  5859 | D:6      | Reached skill level 5 in Armour
  6045 | D:6      | Found a hide-covered altar of Uskayaw.
  6140 | D:6      | Reached skill level 1 in Staves
  6486 | D:7      | Noticed Harold
  6527 | D:7      | Killed Harold
  6527 | D:7      | Reached skill level 1 in Throwing
  6527 | D:7      | Reached skill level 5 in Dodging
  6527 | D:7      | Reached XP level 9. HP: 20/75 MP: 2/9
  6832 | D:7      | Noticed Prince Ribbit
  6839 | D:7      | Killed Prince Ribbit
  7105 | D:7      | Found a sacrificial altar of Ru.
  7291 | D:7      | Noticed Joseph
  7317 | D:7      | Killed Joseph
  7897 | D:8      | Reached skill level 7 in Axes
  8145 | D:8      | Noticed a two-headed ogre
  8171 | D:8      | Slain by a two-headed ogre

Illustrated notes

Levels and vault maps discovered:
D:1:      zaba_arrival_water, layout_basic
D:2:      layout_basic, doesnt_xom_only_xom, old_standard_altar,
          okawaru_trees_2, uniq_natasha
D:3:      layout_loops_cross, old_standard_altar, first_ration, uniq_terence
D:4:      layout_loops_cross, fedhas_altar_1, minmay_temple_entry_tees,
          gup_sewer_entry_spiral
D:5:      layout_basic, gammafunk_ghost_hive, basic_altar, bh_walls_and_bars
D:6:      layout_basic, nicolae_overflow_crystal_walls
D:7:      layout_cave_pools, basic_altar, grunt_ogre_cave, uniq_joseph,
          uniq_prince_ribbit1, uniq_harold
D:8:      layout_cave_pools, lemuel_round_altar, lemuel_doored_altar, tgw_sif

Skill      XL: |  1  2  3  4  5  6  7  8  9 |
---------------+----------------------------+-----
Fighting       | 4 5 6 |  6.8
Dodging        | 3 4 5 |  5.6
Axes           | 5 6 7 |  7.0
Armour         | 1 3 4 6 |  6.7
Maces & Flails | 1 2 3 4 |  4.5
Staves         | 3 4 |  4.2
Throwing       | 1 |  1.4
Stealth        | |  1.5

Action                   |  1- 3 |  4- 6 |  7- 9 || total
-------------------------+-------+-------+-------++-------
Melee: Hand axe          |   112 |   131 |       ||   243
       Mace              |       |   104 |    42 ||   146
       Quarterstaff      |       |       |   101 ||   101
       Broad axe         |       |       |    63 ||    63
       Staff             |       |       |     7 ||     7
Throw: Dart              |       |       |     8 ||     8
Invok: Convert to Beogh  |       |     1 |       ||     1
Evoke: Wand              |       |       |     1 ||     1
  Use: Scroll            |     4 |     6 |     4 ||    14
       Potion            |     2 |     3 |     4 ||     9
 Stab: Distracted        |     1 |     1 |       ||     2
       Sleeping          |     1 |       |       ||     1
  Eat: Chunk             |     3 |     4 |     1 ||     8
       Ration            |       |     2 |     3 ||     5
Armor: Robe              |    11 |       |       ||    11
       Leather armour    |    20 |     2 |       ||    22
       Skin              |     7 |       |    46 ||    53
       Ring mail         |       |    25 |       ||    25
       Scale mail        |       |    48 |       ||    48
       Chain mail        |       |    27 |   105 ||   132
Dodge: Dodged            |    91 |   130 |    74 ||   295
